 Dungeon Crawl Stone Soup version 0.20-a0-1086-g4bd2f5b (webtiles) character file.

1672 DevlanMud the Insei (level 8, -11/70 HPs)
             Began as a White Draconian Transmuter on May 1, 2017.
             Mangled by SkeletonJelly's ghost (12 damage)
             ... on level 5 of the Dungeon.
             The game lasted 00:25:28 (7710 turns).

DevlanMud the Insei (White Draconian Transmuter)    Turns: 7710, Time: 00:25:29

Health: -11/70     AC:  7    Str: 17    XL:     8   Next: 70%
Magic:  1/12       EV: 15    Int: 15    God:
Gold:   244        SH:  0    Dex: 13    Spells: 7/12 levels left

rFire    . . .     SeeInvis +     - Unarmed
rCold    + . .     Gourm    .   (no shield)
rNeg     . . .     Faith    .   (armour unavailable)
rPois    .         Spirit   .   (helmet restricted)
rElec    .         Reflect  .   e - +0 cloak
rCorr    .         Harm     .   (no gloves)
MR       .....                  (no boots)
Stlth    ++........             (no amulet)
Regen    0.3/turn               d - ring of see invisible
MPRegen  0.2/turn               m - +3 ring of evasion

@: mighty, very slightly contaminated
A: breathe frost, unfitting armour, cold resistance 1, cold-blooded, AC +6
a: Breathe Frost


You were on level 5 of the Dungeon.
You were not hungry.

You visited 2 branches of the dungeon, and saw 6 of its levels.
You also visited: Sewer.

You collected 244 gold pieces.

Inventory:

Missiles
 a - 25 arrows
Armour
 e - a +0 cloak (worn)
Jewellery
 d - a ring of see invisible (left hand)
 m - a +3 ring of evasion (right hand)
Wands
 o - a wand of flame (25/48)
Scrolls
 f - a scroll of immolation {unknown}
 h - a scroll of remove curse {unknown}
 i - a scroll of enchant weapon
 j - 2 scrolls of identify
 l - a scroll of amnesia {unknown}
 n - 2 scrolls of fog {unknown}
 q - 2 scrolls of magic mapping
 t - a scroll of teleportation {unknown}
 w - a scroll of recharging {unknown}
 x - a scroll of enchant armour {unknown}
Potions
 p - 2 potions of magic {unknown}
 r - a potion of might
 s - a potion of heal wounds {unknown}
 v - a potion of lignification {unknown}
Books
 b - a book of Changes

   Spells                             Type                      Level
   a - Beastly Appendage              Transmutation                1
   b - Sticks to Snakes               Transmutation                2
   c - Spider Form                    Transmutation/Poison         3
   d - Ice Form                       Ice/Transmutation            4
   e - Blade Hands                    Transmutation                5
 k - a book of Minor Magic

   Spells                             Type                      Level
   a - Magic Dart                     Conjuration                  1
   b - Blink                          Translocation                2
   c - Call Imp                       Summoning                    2
   d - Slow                           Hexes                        2
   e - Conjure Flame                  Conjuration/Fire             3
   f - Mephitic Cloud                 Conjuration/Poison/Air       3
Comestibles
 c - 3 bread rations
 g - 3 royal jellies
 u - 2 meat rations


   Skills:
 + Level 5.7 Fighting
 - Level 1.7 Dodging
 - Level 2.0 Stealth
 - Level 7.0 Unarmed Combat
 + Level 2.7 Spellcasting
 * Level 7.0 Transmutations


You had 7 spell levels left.
You knew the following spells:

 Your Spells              Type           Power        Failure   Level  Hunger
a - Beastly Appendage     Tmut           ###...       1%          1    #......
b - Sticks to Snakes      Tmut           ###.....     1%          2    ##.....
c - Blink                 Tloc           N/A          30%         2    ##.....


Dungeon Overview and Level Annotations

Branches:
Dungeon (5/15)             Temple (1/1) D:4

Altars:
Ashenzari
Cheibriados
Dithmenos
Elyvilon
Fedhas
Kikubaaqudgha
Makhleb
Nemelex Xobeh
Qazlal
Trog
Xom
Zin
The Shining One

Shops:
D:4 !

Annotations:
D:5 SkeletonJelly's ghost, novice MiFi


Innate Abilities, Weirdness & Mutations

You can breathe waves of freezing cold.
You can buffet flying creatures when you breathe cold.
Your icy white scales are hard. (AC +6)
You cannot fit into any form of body armour.
Your flesh is cold resistant. (rC+)
You are cold-blooded and may be slowed by cold attacks.


Message History

You are very lightly contaminated with residual magic.
Multicoloured lights dance before your eyes!
* * * LOW MAGIC WARNING * * *
SkeletonJelly's ghost hits you.
* * * LOW HITPOINT WARNING * * *
The adder skeleton misses you.
Your ball python bites SkeletonJelly's ghost but does no damage.
Casting: Sticks to Snakes
Confirm with . or Enter, or press ? or * to list all spells.
You create 2 snakes!
You now have 25 arrows.
* * * LOW MAGIC WARNING * * *
Your talons disappear.
The adder skeleton bites you but does no damage.
SkeletonJelly's ghost hits you!
* * * LOW HITPOINT WARNING * * *
Your ball python barely misses SkeletonJelly's ghost.
It was a potion of might.
You feel very mighty all of a sudden. The adder skeleton barely misses you.
SkeletonJelly's ghost hits you!
You die...

..........# #......
..........# #.....
..........# #....###.# .
#.......# #.....#
.##.......######.########
..............>..#......##
................S'.......#
..............SZ.#.......#
..............SW@#......##
..........##.....########
..........##.....#
...........#.....#
...........#.....#
###...<....#.....#
#'########.....#
##....<..##....##
#........#######


You could see SkeletonJelly's ghost, an adder skeleton and 3 friendly ball
pythons.

Vanquished Creatures
  Pikel (D:4)
  Grinder (D:3)
  A slave (D:4)
  An ogre (D:4)
  Blork the orc (D:3)
  Dowan (D:4)
  A wight (D:3)
  2 centaur skeletons
  An orc priest (D:4)
  Jessica (D:3)
  An orc wizard (D:4)
  2 iguanas (D:4)
  A worker ant (D:4)
  Robin (D:2)
  3 gnolls
  A howler monkey skeleton (D:4)
  6 adders
  2 oozes
  3 worms
  6 dart slugs
  5 leopard geckos
  7 orcs
  9 bats
  4 giant cockroaches
  17 goblins
  14 hobgoblins
  4 jackals (D:2)
  5 ball pythons
  9 frilled lizards
  10 kobolds
  3 leopard gecko skeletons
  A quokka skeleton (D:4)
  A quokka zombie (D:3)
  14 rats
140 creatures vanquished.

Vanquished Creatures (collateral kills)
  The ghost of FoghornLeghorn the Cleaver, a novice MiWz of Okawaru (D:4)
  Duvessa (D:4)
  2 wights (D:3)
  A gnoll (D:2)
  A hobgoblin (D:2)
6 creatures vanquished.

Vanquished Creatures (others)
  A slave (D:4)
  An orc priest (D:4)
  An orc wizard (D:4)
  2 adders (D:4)
  An adder skeleton (D:4)
  4 orcs (D:4)
  3 giant cockroaches (D:4)
  A quokka skeleton (D:4)
  2 plants (D:3)
16 creatures vanquished.

Grand Total: 162 creatures vanquished

Notes
Turn   | Place    | Note
-------+----------+-------------------------------------------
     0 | D:1      | DevlanMud the Draconian Transmuter began the quest for the Orb.
     0 | D:1      | Reached XP level 1. HP: 16/16 MP: 3/3
   421 | D:1      | Reached XP level 2. HP: 17/24 MP: 5/5
   618 | D:1      | Learned a level 2 spell: Sticks to Snakes
   619 | D:1      | Reached skill level 1 in Stealth
   684 | D:1      | Reached XP level 3. HP: 23/29 MP: 6/6
  1578 | D:1      | HP: 1/30 [worm (7)]
  2007 | D:2      | Reached XP level 4. HP: 35/37 MP: 5/7
  2749 | D:2      | Reached XP level 5. HP: 4/44 MP: 2/8
  2765 | D:2      | Noticed Robin
  3099 | D:2      | Killed Robin
  3573 | D:3      | Noticed Grinder
  3607 | D:3      | Paralysed by Grinder for 2 turns
  3615 | D:3      | Paralysed by Grinder for 5 turns
  3628 | D:3      | Killed Grinder
  3628 | D:3      | Reached skill level 5 in Unarmed Combat
  3628 | D:3      | Reached XP level 6. HP: 12/51 MP: 0/9
  4110 | D:3      | Learned a level 2 spell: Blink
  4440 | D:3      | Noticed Jessica
  4448 | D:3      | Killed Jessica
  4890 | D:4      | Noticed Pikel
  4890 | D:4      | Noticed a slave
  4890 | D:4      | Noticed a slave
  4890 | D:4      | Noticed a slave
  4892 | D:4      | Noticed a slave
  4908 | D:4      | Noticed Blork the orc
  4920 | D:3      | Killed Blork the orc
  4920 | D:3      | Your scales start taking on an icy white colour.
  4920 | D:3      | Reached XP level 7. HP: 52/59 MP: 4/10
  4920 | D:3      | Gained mutation: Your flesh is cold resistant. (rC+) [White Draconian growth]
  4992 | D:4      | Found a glowing drain.
  5001 | Sewer    | Entered a sewer
  5993 | D:4      | Noticed FoghornLeghorn's ghost (novice MiWz)
  6015 | D:4      | Killed FoghornLeghorn's ghost
  6015 | D:4      | Reached skill level 5 in Transmutations
  6167 | D:4      | Killed Pikel
  6167 | D:4      | Reached skill level 5 in Fighting
  6167 | D:4      | Reached XP level 8. HP: 27/69 MP: 4/11
  6488 | D:4      | Noticed Duvessa
  6488 | D:4      | Noticed Dowan
  6542 | D:4      | Found Wenuacij's Distillery.
  6555 | D:4      | Found a staircase to the Ecumenical Temple.
  6562 | Temple   | Entered the Ecumenical Temple
  6758 | D:4      | Killed Duvessa
  6762 | D:4      | Killed Dowan
  6803 | D:4      | Found a stormy altar of Qazlal.
  7347 | D:4      | Found a blossoming altar of Fedhas.
  7349 | D:4      | Found an ancient bone altar of Kikubaaqudgha.
  7598 | D:5      | Entered Level 5 of the Dungeon
  7661 | D:5      | Found a shattered altar of Ashenzari.
  7667 | D:5      | Noticed SkeletonJelly's ghost (novice MiFi)
  7709 | D:5      | HP: 1/70 [SkeletonJelly's ghost (10)]
  7710 | D:5      | Mangled by SkeletonJelly's ghost

Vault maps used:
D:1:      onia_arrival_mini_spirals
D:2:      serial_forest, infiniplex_forest_straight_3,
          infiniplex_forest_clump_double, infiniplex_forest_end_3,
          infiniplex_forest_straight_3, infiniplex_forest_lined_room_2,
          infiniplex_forest_clump_medium, infiniplex_forest_straight_2,
          infiniplex_forest_lined_1, infiniplex_forest_lined_2, uniq_robin
D:3:      serial_bayou, serial_bayou_pond_a, serial_bayou_ford_a,
          serial_bayou_pond_d, serial_bayou_pond_a, minmay_misc_feat_chi,
          uniq_jessica, uniq_grinder
D:4:      grunt_temple_overflow_growth_and_decay,
          nicolae_qazlal_eye_of_the_storm, minmay_temple_entry_steel_oval,
          serial_shops, kennysheep_mini, cheibrodos_sewer_entry_sluice,
          first_bread, uniq_pikel, uniq_blork_the_orc, uniq_duvessa
D:5:      lemuel_crystal_altar, nicolae_overflow_crystal_walls,
          gammafunk_temple_overflow_elements
Temple:   compressed_dpeg_triangle_lava_temple
Sewer:    sewer_co_cracked_pipes

Skill      XL: |  1  2  3  4  5  6  7  8 |
---------------+-------------------------+-----
Fighting       | 2 3 4 5 |  5.7
Stealth        | 1 2 |  2.0
Unarmed Combat | 4 5 6 7 |  7.0
Transmutations | 3 6 7 |  7.0
Dodging        | |  1.7
Spellcasting   | |  2.7

Action                   |  1- 3 |  4- 6 |  7- 9 || total
-------------------------+-------+-------+-------++-------
Melee: Unarmed           |   153 |   229 |   248 ||   630
       Tailslap          |    13 |    23 |    20 ||    56
       Punch             |     2 |     6 |     8 ||    16
       Kick              |     5 |    17 |    12 ||    34
       Headbutt          |     3 |    12 |    19 ||    34
 Cast: Beastly Appendage |     9 |    21 |    16 ||    46
       Sticks to Snakes  |       |    16 |    21 ||    37
 Abil: Breathe Frost     |       |       |     3 ||     3
  Use: Potion            |       |     2 |     1 ||     3
       Scroll            |       |     4 |       ||     4
 Stab: Sleeping          |     1 |     3 |     4 ||     8
       Distracted        |       |     4 |     3 ||     7
  Eat: Chunk             |     2 |     6 |     9 ||    17
       Royal jelly       |     1 |     1 |       ||     2
       Meat ration       |       |     1 |       ||     1
Armor: Skin              |    48 |    45 |    48 ||   141
Dodge: Dodged            |    89 |   122 |   162 ||   373
